 Dungeon Crawl Stone Soup version 0.30-a0-1164-ge08a67761e (webtiles) character file.

Game seed: 15448946505126601859

1515 jimonade the Cudgeller (level 8, -1/61 HPs)
             Began as a Mummy Fighter on Apr 29, 2023.
             Was an Initiate of Ru.
             Slain by a gnoll
             ... wielding a +0 flail
             ... led by a gnoll sergeant
              (3 damage)
             ... on level 5 of the Dungeon.
             The game lasted 00:14:42 (6348 turns).

jimonade the Cudgeller (Mummy Fighter)              Turns: 6348, Time: 00:14:43

Health: -1/61      AC: 18    Str: 26    XL:     8   Next: 53%
Magic:  12/12      EV:  7    Int:  9    God:    Ru [......]
Gold:   274        SH:  4    Dex: 11    Spells: 13/13 levels left

rFire   x . .        a - +0 whip
rCold   + . .        c - +0 buckler
rNeg    + + +        A - +0 plate armour
rPois   ∞            v - +0 helmet
rElec   .            (no cloak)
rCorr   .            j - +0 pair of gloves
SInv    .            (no boots)
Will    +....        (no amulet) Stlth
                     k - +4 ring of protection
HPRegen 0.30/turn    o - +6 ring of strength
MPRegen 0.13/turn

%: faith
@: no status effects
A: cold resistance 1, negative energy resistance 3, torment resistance 2, heat
vulnerability 1, in touch with death 1, no potions, faith
a: Renounce Religion


You were on level 5 of the Dungeon.
You worshipped Ru.
Ru was noncommittal.
You visited 2 branches of the dungeon, and saw 6 of its levels.
You also visited: Sewer.

You collected 274 gold pieces.

Inventory:

Hand Weapons
 a - a +0 whip (weapon)
 e - a +0 mace
 f - a +0 sling
 z - a +0 flail
Missiles
 h - 32 stones
 i - 2 throwing nets
 q - a curare-tipped dart
 s - 16 poisoned darts (quivered)
Armour
 b - a +0 scale mail
 c - a +0 buckler (worn)
 g - a +0 tower shield
 j - a +0 pair of gloves (worn)
 t - a +0 scale mail
 v - a +0 helmet (worn)
 y - a +0 leather armour
 A - a +0 plate armour (worn)
Jewellery
 k - a +4 ring of protection (left hand)
 o - a +6 ring of strength (right hand)
 p - a ring of wizardry
 x - a +6 ring of strength
Wands
 u - a wand of polymorph (10)
Scrolls
 d - 6 scrolls of identify
 l - 3 scrolls of teleportation
 m - 2 scrolls of amnesia {unknown}
 n - 2 scrolls of blinking {unknown}
 r - 2 scrolls of poison {unknown}
 w - a scroll of immolation {unknown}
 B - a scroll of enchant weapon {unknown}
 C - a scroll of noise {unknown}
 D - a scroll of torment {unknown}


   Skills:
 + Level 4.9 Fighting
 + Level 5.3 Maces & Flails
 + Level 1.0 Throwing
 + Level 4.3 Armour
 + Level 2.0 Dodging
 - Level 0.5 Stealth
 + Level 3.8 Shields
 * Level 3.0 Spellcasting
 * Level 2.5 Necromancy


You had 13 spell levels left.
You didn't know any spells.
Your spell library contained the following spells:

 Spells                   Type           Power      Damage    Failure   Level
 Slow                     Hex            4%         N/A       99%         1
 Vampiric Draining        Necr           8%         2d6       99%         3
 Confusing Touch          Hex            1%         N/A       100%        3
 Anguish                  Hex/Necr       2%         N/A       100%        4
 Cause Fear               Hex            0%         N/A       100%        4
 Enfeeble                 Hex            0%         N/A       100%        7


Dungeon Overview and Level Annotations

Branches:
Dungeon (5/15)             Temple (1/1) D:5           Sewer (visited)

Altars:
Cheibriados
Dithmenos
Fedhas
Gozag
Kikubaaqudgha
Makhleb
Nemelex Xobeh
Okawaru
Ru
Sif Muna
Trog
Uskayaw
Wu Jian
Xom
Yredelemnul

Shops:
D:2 ?   D:3 [

Annotations:
D:4 1 runed translucent door, Crazy Yiuf, Ijyb


Innate Abilities, Weirdness & Mutations

You are immune to poison.
Your flesh is cold resistant. (rC+)
You are immune to negative energy. (rN+++)
You are immune to unholy pain and torment.
You are vulnerable to heat. (rF-)
You are in touch with the powers of death.
You do not drink.
You have a special connection with the divine. (Faith)


Message History

You hit the gnoll sergeant.
You kill the gnoll sergeant!
Your Throwing skill increases to level 1!
Your Spellcasting skill increases to level 3!
You hit the gnoll but do no damage. The gnoll hits you but does no damage.
You closely miss the gnoll. The gnoll barely misses you.
You whack the gnoll!
The gnoll is heavily wounded.
You block the gnoll's attack.
You closely miss the gnoll.
The gnoll is heavily wounded.
You hit the gnoll.
The gnoll is almost dead.
The gnoll hits you with a +0 whip.
* * * LOW HITPOINT WARNING * * *
You barely miss the gnoll.
The gnoll is almost dead.
The gnoll barely misses you.
You barely miss the gnoll.
The gnoll is almost dead.
The gnoll hits you with a +0 whip.
* * * LOW HITPOINT WARNING * * *
You hit the gnoll.
You kill the gnoll!
You whack the gnoll!
The gnoll is severely wounded.
The gnoll hits you but does no damage.
You hit the gnoll.
The gnoll is severely wounded.
You completely miss the gnoll.
The gnoll is severely wounded.
The gnoll hits you with a +0 flail.
* * * LOW HITPOINT WARNING * * *
You barely miss the gnoll.
The gnoll is severely wounded.
The gnoll closely misses you.
You hit the gnoll but do no damage.
The gnoll is severely wounded.
The gnoll hits you with a +0 flail.
You die...

#......# ##### #......# #....
#......# #.### #......# #.#.#
#......# #.#.# #......# #.#.#
##########......# #.#..
................#############.#.#
................@gg..............
.........!......##########.####.#
................# ##+####.#
................# #........
................# #.......#
................# #.......†
.................# #.......#
.................# ##.......
.......###.......# #...####


You could see 2 gnolls.

Vanquished Creatures
  Menkaure (D:4)
  An ice beast (D:4)
  2 ogres
  A black bear (D:5)
  2 phantoms
  4 kobold brigands (Sewer)
  Blork the orc (D:4)
  A gnoll sergeant (D:5)
  A scorpion (D:3)
  A hound (D:5)
  An orc priest (D:4)
  An iguana (D:4)
  An orc wizard (D:4)
  Robin (D:2)
  A gnoll (D:5)
  9 river rats (Sewer)
  7 adders
  6 worms
  2 dart slugs (D:1)
  11 orcs
  7 ball pythons
  6 bats
  7 endoplasms
  5 giant cockroaches (D:3)
  16 goblins
  10 hobgoblins
  6 jackals
  5 quokkas
  2 frilled lizards (Sewer)
  25 kobolds
  28 rats
172 creatures vanquished.

Notes
Turn   | Place    | Note
-------+----------+-------------------------------------------
     0 | D:1      | jimonade the Mummy Fighter began the quest for the Orb.
     0 | D:1      | Reached XP level 1. HP: 18/18 MP: 1/1
   215 | D:1      | Reached XP level 2. HP: 14/24 MP: 2/2
   652 | D:1      | Found a faded altar of an unknown god.
   803 | D:1      | Reached skill level 2 in Maces & Flails
   995 | D:1      | Gained mutation: You are in touch with the powers of death.
                  | [Mummy growth]
   995 | D:1      | Reached XP level 3. HP: 29/29 MP: 3/3
  1067 | D:2      | Found Nooqiala's Magic Scroll Boutique.
  1838 | D:2      | Reached XP level 4. HP: 35/35 MP: 4/4
  2056 | D:3      | Noticed a scorpion
  2078 | D:3      | Killed a scorpion
  2156 | D:3      | Reached XP level 5. HP: 40/42 MP: 5/5
  2213 | D:3      | Found a glowing drain.
  2241 | D:3      | Reached skill level 3 in Maces & Flails
  2255 | Sewer    | Entered a sewer
  2580 | Sewer    | Reached skill level 1 in Dodging
  2875 | Sewer    | Reached XP level 6. HP: 39/48 MP: 6/6
  3464 | Sewer    | Reached skill level 4 in Maces & Flails
  3464 | Sewer    | Reached XP level 7. HP: 55/55 MP: 7/7
  3841 | D:3      | Found Godil's Antique Armour Emporium.
  3855 | D:3      | Noticed Robin
  3907 | D:2      | Killed Robin
  4739 | D:4      | Noticed Menkaure
  4753 | D:4      | Killed Menkaure
  4754 | D:4      | Reached skill level 1 in Spellcasting
  4859 | D:4      | Reached skill level 1 in Necromancy
  5125 | D:4      | Reached XP level 8. HP: 52/61 MP: 9/11
  5156 | D:4      | Noticed Blork the orc
  5179 | D:4      | Killed Blork the orc
  5321 | D:4      | Found a runed translucent door.
  5322 | D:4      | Noticed Crazy Yiuf
  5365 | D:4      | Noticed Ijyb
  5599 | D:5      | Entered Level 5 of the Dungeon
  5719 | D:5      | Reached skill level 5 in Maces & Flails
  6151 | D:5      | Found a staircase to the Ecumenical Temple.
  6161 | Temple   | Entered the Ecumenical Temple
  6161 | Temple   | Found a transporter.
  6161 | Temple   | Found a transporter.
  6163 | Temple   | Found a transporter.
  6163 | Temple   | Found a transporter.
  6174 | Temple   | Became a worshipper of Ru the Awakened
  6336 | D:5      | Reached skill level 1 in Throwing
  6346 | D:5      | HP: 1/61 [gnoll/+0 flail[a gnoll sergeant] (3)]
  6348 | D:5      | Slain by a gnoll

Illustrated notes

Levels and vault maps discovered:
D:1:      lightli_arrival_lavapool, layout_loops_corners, basic_ecumenical_altar
D:2:      layout_loops_corners, serial_shops, nicolae_shop_trees
D:3:      layout_basic, portal_sewer_entry_f, serial_shops, shop, uniq_robin
D:4:      layout_basic, minmay_misc_feat_roman, nicolae_goblin_pals,
          uniq_crazy_yiuf_cottage, uniq_blork_the_orc, uniq_menkaure
D:5:      layout_basic, minmay_temple_entry_trees
Temple:   hellmonk_temple_divided_pantheon

Skill      XL: |  1  2  3  4  5  6  7  8 |
---------------+-------------------------+-----
Maces & Flails | 2 3 4 5 |  5.3
Armour         | 3 4 |  4.3
Dodging        | 1 2 |  2.0
Shields        | 3 |  3.8
Fighting       | 4 |  4.9
Spellcasting   | 2 3 |  3.0
Necromancy     | 1 2 |  2.5
Throwing       | 1 |  1.0
Stealth        | |  0.5

Action                     |  1- 3 |  4- 6 |  7- 9 || total
---------------------------+-------+-------+-------++-------
  Melee: Whip              |   190 |   427 |   413 ||  1030
  Throw: Dart              |       |       |     9 ||     9
    Use: Scroll            |       |     2 |       ||     2
 Armour: Scale mail        |    77 |   182 |    33 ||   292
         Plate armour      |       |       |   174 ||   174
  Dodge: Dodged            |    90 |   181 |   112 ||   383
  Block: Buckler           |    26 |    93 |    69 ||   188

Table legend: (Time is in decaauts)
 A = Elapsed time spent in this place.
 B = Non-inter-level travel time spent in this place.
 C = Inter-level travel time spent in this place.
 D = Time resting spent in this place.
 E = Time spent auto-exploring this place.
 F = Levels seen in this place.
 G = Mean time per level.
                   A        B        C        D        E       F      G
               +--------+--------+--------+--------+--------+-----+--------+
         Total |   6314 |   6064 |    250 |    458 |   3121 |   7 |  902.0 |
       Dungeon |   4799 |   4549 |    250 |    119 |   2872 |   5 |  959.8 |
        Temple |     38 |     38 |      0 |      0 |      7 |   1 |   38.0 |
         Sewer |   1476 |   1476 |      0 |    339 |    242 |   1 | 1476.0 |
               +--------+--------+--------+--------+--------+-----+--------+

Top non-repeatable levels by time:
   Sewer: 1476 daAuts
     D:4: 1338 daAuts
     D:1: 1060 daAuts
     D:2: 975 daAuts
     D:3: 862 daAuts
     D:5: 562 daAuts
  Temple: 38 daAuts
